 Dungeon Crawl Stone Soup version 0.29-a0-1008-g949cc1d0fb (webtiles) character file.

Game seed: 4060824963360327907

5633 drugrobin the Cleaver (level 10, -3/86 HPs)
             Began as a Demigod Fighter on Aug 7, 2022.
             Slain by a seven-headed hydra (6 damage)
             ... on level 8 of the Dungeon.
             The game lasted 00:21:25 (7266 turns).

drugrobin the Cleaver (Demigod Fighter)             Turns: 7266, Time: 00:21:25

Health: -3/86      AC: 20    Str: 29    XL:     10   Next: 22%
Magic:  22/22      EV:  7    Int: 12    God:
Gold:   376        SH: 10    Dex: 19    Spells: 9/9 levels left

rFire   . . .      SeeInvis +   b - +5 sling of Enormous Valiance {venom, rElec Int+2 SInv}
rCold   + . .      Faith    .   k - +0 buckler
rNeg    . . .      Spirit   .   A - +0 plate armour
rPois   .          Reflect  +   z - +3 helmet of Winter {rC+ Regen+}
rElec   +          Harm     .   D - +0 cloak
rCorr   .          Rampage  .   g - +1 pair of gloves
Will    +....                   q - +0 pair of boots
Stlth   ..........              j - amulet of reflection
HPRegen 1.04/turn               n - +6 ring of dexterity
MPRegen 0.18/turn               C - ring of magical power

@: no status effects
A: high MP 1, forlorn, divine attributes
a: no special abilities


You were on level 8 of the Dungeon.
You visited 1 branch of the dungeon, and saw 9 of its levels.

You collected 398 gold pieces.
You spent 22 gold pieces at shops.

Inventory:

Hand Weapons
 a - the +2 hand axe of the Wilderness {vorpal, rPois Str-5 Dex+3}
   (You found it on level 2 of the Dungeon)

   It inflicts extra damage upon your enemies.
   Str:       It affects your strength (-5).
   Dex:       It affects your dexterity (+3).
   rPois:     It protects you from poison.
 b - the +5 sling of Enormous Valiance (weapon) {venom, rElec Int+2 SInv}
   (You found it on level 3 of the Dungeon)

   Any ammunition fired from it poisons the flesh of those it strikes.
   Int:       It affects your intelligence (+2).
   rElec:     It insulates you from electricity.
   SInv:      It lets you see invisible.
 c - a +0 war axe
 v - a +1 whip of venom
Missiles
 r - 21 poisoned darts
 L - a throwing net
Armour
 g - a +1 pair of gloves (worn)
 k - a +0 buckler (worn)
 q - a +0 pair of boots (worn)
 z - the +3 helmet of Winter (worn) {rC+ Regen+}
   (You found it on level 4 of the Dungeon)

   rC:        It protects you from cold.
   Regen:     It increases your rate of health regeneration.
 A - a +0 plate armour (worn)
 D - a +0 cloak (worn)
Jewellery
 j - an amulet of reflection (around neck)
 n - a +6 ring of dexterity (left hand)
 C - a ring of magical power (right hand)
Wands
 t - a wand of acid (2)
 G - a wand of charming (8)
 J - a wand of mindburst (14)
Scrolls
 e - 9 scrolls of identify {unknown}
 h - a scroll of enchant weapon {unknown}
 i - a scroll of torment {unknown}
 o - 4 scrolls of teleportation {unknown}
 p - a scroll of poison {unknown}
 w - a scroll of immolation {unknown}
 x - 2 scrolls of vulnerability {unknown}
 y - a scroll of butterflies {unknown}
 B - a scroll of amnesia {unknown}
 H - a scroll of blinking {unknown}
 N - a scroll of summoning {unknown}
Potions
 d - a potion of might
 f - a potion of brilliance {unknown}
 l - 2 potions of heal wounds {unknown}
 m - 5 potions of mutation {unknown}
 s - 2 potions of attraction {unknown}
 u - 2 potions of berserk rage {unknown}
 E - a potion of flight {unknown}
 F - 2 potions of haste {unknown}
 I - a potion of invisibility
 K - a potion of lignification {unknown}
 M - 4 potions of curing {unknown}


   Skills:
 + Level 7.2 Fighting
 * Level 12.6 Axes
 - Level 3.2 Armour
 - Level 3.2 Shields


You had 9 spell levels left.
You didn't know any spells.
Your spell library contained the following spells:

 Spells                   Type           Power      Damage    Failure   Level
 Apportation              Tloc           0%         N/A       99%         1
 Sting                    Tmut/Pois      0%         1d3       99%         1
 Ensorcelled Hibernation  Hex/Ice        0%         N/A       100%        2
 Poisonous Vapours        Pois/Air       0%         N/A       100%        2
 Gell's Gravitas          Tloc           0%         N/A       100%        3
 Lesser Beckoning         Tloc           0%         N/A       100%        3
 Spider Form              Tmut/Pois      0%         N/A       100%        3
 Teleport Other           Tloc           0%         N/A       100%        3
 Anguish                  Hex/Necr       0%         N/A       100%        4
 Olgreb's Toxic Radiance  Pois           0%         N/A       100%        4
 Summon Hydra             Summ           0%         N/A       100%        7


Dungeon Overview and Level Annotations

Branches:
Dungeon (9/15)             Temple (0/1) D:4
   Lair: D:8-11         Orc: D:9-12

Shops:
D:1 ?!!(   D:7 :

Annotations:
D:3 Dig wall


Innate Abilities, Weirdness & Mutations

You have an increased reservoir of magic. (+10% MP)
You shall have no god before yourself.
Your divine heritage dramatically boosts your attributes as you level up.


Message History

The seven-headed hydra bites you but does no damage.
The seven-headed hydra bites you. x2
The seven-headed hydra completely misses you.
You block the seven-headed hydra's attack.
The seven-headed hydra bites you but does no damage.
Fire: b) +5 sling of Enormous Valiance {venom, rElec Int+2 SInv}
Press: ? - help, Q - select action, (/) - cycle Shift-Dir - straight line, f/p - seven-headed hydra
Aim: a seven-headed hydra (severely wounded, very poisoned, 82% to hit)
You shoot a sling bullet.
The sling bullet barely misses the seven-headed hydra.
You block the seven-headed hydra's attack.
The seven-headed hydra bites you but does no damage.
You block the seven-headed hydra's attack. x2
The seven-headed hydra bites you!
* * * LOW HITPOINT WARNING * * *
The seven-headed hydra bites you but does no damage. x3
You block the seven-headed hydra's attack. x2
The seven-headed hydra bites you but does no damage.
The seven-headed hydra bites you.
* * * LOW HITPOINT WARNING * * *
The seven-headed hydra bites you but does no damage.
The seven-headed hydra bites you.
* * * LOW HITPOINT WARNING * * *
Unknown command.
Unknown command.
Fire: b) +5 sling of Enormous Valiance {venom, rElec Int+2 SInv}
Press: ? - help, Q - select action, (/) - cycle Shift-Dir - straight line, f/p - seven-headed hydra
Aim: a seven-headed hydra (severely wounded, very poisoned, 82% to hit)
You shoot a sling bullet.
The sling bullet hits the seven-headed hydra.
The seven-headed hydra is almost dead.
The seven-headed hydra bites you.
* * * LOW HITPOINT WARNING * * *
The seven-headed hydra bites you but does no damage.
The seven-headed hydra bites you!
* * * LOW HITPOINT WARNING * * *
You block the seven-headed hydra's attack.
The seven-headed hydra bites you but does no damage. x3
The seven-headed hydra bites you.
You die...

♣...≈~≈...♣#####.#.#..........
#..≈≈~≈≈..#...................
#..~~♣~~..#..................#
#..≈≈~≈≈..#....|.)............
#...≈~≈...#..................#
##.......##..................#
##.....###.............<....#
###.### #.............[.....
#.# ##.@##.#...#.######. #.#
#D###.#.#...####...
#.######.###.#.##..#....[.
#..........#.#.###.....#..
###........#.#..#..#.#....
#........#.##...##......
##########.##.....>.##..
#..#.......###.. #....#.#####
###


You could see a seven-headed hydra (very poisoned).

Vanquished Creatures
  Pikel (D:5)
  6 yaks (D:6)
  Grum (D:8)
  Eustachio (D:4)
  A steam dragon (D:8)
  Menkaure (D:7)
  Edmund (D:5)
  4 water moccasins
  Duvessa (D:7)
  The ghost of logorrheac the Magician, an amateur SpVM (D:3)
  An ice beast (D:6)
  A sky beast (D:8)
  2 ogres
  4 wolves (D:8)
  A centaur (D:8)
  3 phantoms
  2 kobold brigands
  4 bullfrogs
  3 necrophages
  2 scorpions
  15 wights
  Dowan (D:7)
  3 howler monkeys
  2 quasits (D:3)
  4 hounds
  A gnoll bouda (D:6)
  2 iguanas
  An orc wizard (D:3)
  11 gnolls
  5 adders
  A shadow imp (D:5)
  2 worms (D:2)
  2 dart slugs
  18 orcs
  10 ball pythons
  4 bats
  10 endoplasms
  9 giant cockroaches
  9 hobgoblins
  6 jackals
  2 quokkas
  7 frilled lizards
  8 goblins
  8 kobolds
  6 rats
  2 butterflies (D:8)
190 creatures vanquished.

Vanquished Creatures (others)
  3 orcs (D:8)
  A kobold (D:8)
4 creatures vanquished.

Grand Total: 194 creatures vanquished

Notes
Turn   | Place    | Note
-------+----------+-------------------------------------------
     0 | D:1      | drugrobin the Demigod Fighter began the quest for the Orb.
     0 | D:1      | Reached XP level 1. HP: 18/18 MP: 3/3
     7 | D:1      | Noticed a hound
     7 | D:1      | Noticed a rime drake
     7 | D:1      | Noticed an anaconda
     8 | D:1      | Noticed a polar bear
     8 | D:1      | Noticed a killer bee
   113 | D:1      | Found Feisad's Weapon Boutique.
   122 | D:1      | Found Hunuygim's Distillery.
   168 | D:1      | Reached skill level 2 in Axes
   172 | D:1      | Reached XP level 2. HP: 25/25 MP: 4/4
   232 | D:1      | Found Nuull's Magic Scroll Shoppe.
   271 | D:1      | Reached XP level 3. HP: 31/31 MP: 5/5
   421 | D:1      | Found Haoregay's Distillery.
   451 | D:1      | Bought a potion of degeneration for 11 gold pieces
   687 | D:1      | Bought a scroll of noise for 11 gold pieces
   750 | D:2      | Identified the +2 hand axe of the Wilderness {vorpal, rPois
                  | Str-5 Dex+3}
  1119 | D:2      | Reached XP level 4. HP: 37/38 MP: 6/6
  1781 | D:3      | Reached skill level 3 in Axes
  1809 | D:3      | Noticed an Executioner
  1813 | D:3      | Noticed a hellwing
  1813 | D:3      | Noticed an orange demon
  2015 | D:3      | Found a transporter.
  2018 | D:3      | Noticed logorrheac's ghost (amateur SpVM)
  2073 | D:3      | Found a transporter.
  2462 | D:3      | Reached XP level 5. HP: 45/45 MP: 7/7
  2912 | D:4      | Reached skill level 4 in Axes
  3068 | D:4      | Identified the +3 helmet of Winter {rC+ Regen+}
  3215 | D:4      | Found a staircase to the Ecumenical Temple.
  3234 | D:4      | Reached XP level 6. HP: 52/52 MP: 8/8
  3644 | D:3      | Killed logorrheac's ghost
  3645 | D:3      | Reached skill level 5 in Axes
  3676 | D:3      | Identified the +5 sling of Enormous Valiance {venom, rElec
                  | Int+2 SInv}
  3808 | D:5      | Entered Level 5 of the Dungeon
  3826 | D:5      | Noticed Eustachio
  3855 | D:4      | Killed Eustachio
  3856 | D:4      | Reached skill level 6 in Axes
  3856 | D:4      | Reached XP level 7. HP: 59/59 MP: 9/9
  3933 | D:5      | Noticed Pikel
  3942 | D:5      | Killed Pikel
  3943 | D:5      | Reached skill level 7 in Axes
  3948 | D:5      | Noticed Edmund
  3950 | D:5      | Reached skill level 8 in Axes
  3959 | D:5      | Reached XP level 8. HP: 65/66 MP: 10/10
  3966 | D:5      | Killed Edmund
  4236 | D:5      | Reached skill level 9 in Axes
  4992 | D:6      | Reached skill level 10 in Axes
  5119 | D:6      | Reached skill level 5 in Fighting
  5119 | D:6      | Reached XP level 9. HP: 73/74 MP: 11/11
  5169 | D:6      | Reached skill level 11 in Axes
  5242 | D:6      | Got Eghielips's Commentary on Distorted Rallying
  5778 | D:7      | Noticed Menkaure
  5812 | D:7      | Killed Menkaure
  5874 | D:7      | Noticed Dowan
  5901 | D:7      | Noticed Duvessa
  6131 | D:7      | Killed Duvessa
  6132 | D:7      | Killed Dowan
  6383 | D:7      | Found Exzar's Vocational Training.
  6572 | D:8      | Reached skill level 12 in Axes
  6700 | D:8      | Reached XP level 10. HP: 84/84 MP: 13/13
  6956 | D:8      | Noticed Grum
  6983 | D:8      | Killed Grum
  7252 | D:9      | Noticed a seven-headed hydra
  7266 | D:8      | HP: 3/86 [seven-headed hydra (10)]
  7266 | D:8      | Slain by a seven-headed hydra

Illustrated notes

Levels and vault maps discovered:
D:1:      onia_arrival_zoo_common, layout_basic,
          hellmonk_ecumenical_altar_leap_of_faith, serial_shops, shop,
          nicolae_shop_stone, shop, shop, minmay_worlds_worst_comb
D:2:      layout_loops_cross, amethyst_killhole, minmay_increasing_density
D:3:      layout_basic, makhleb_altar_promises_db, gammafunk_ghost_stat_death,
          due_unseen_surprise
D:4:      minmay_evil_eye, layout_loops_ring, minmay_temple_entry_ruins
D:5:      layout_basic, nicolae_elevator_lobby_plus, uniq_pikel, uniq_edmund,
          uniq_eustachio
D:6:      layout_basic, minitemple, nicolae_sif_muna_condensation,
          hangedman_decor_opposing
D:7:      layout_cave_pools, nemelex_dance_club_becter, nicolae_shop_vocational,
          uniq_menkaure, uniq_duvessa
D:8:      layout_rooms, elyvilon_altar_3, xom_butterflies, uniq_grum
D:9:      layout_roguey, david_lair_generic, ebering_ghost_xom, uniq_erica

Skill      XL: |  1  2  3  4  5  6  7  8  9 10 |
---------------+-------------------------------+-----
Axes           | 2 3 4 6 8 10 12 | 12.6
Fighting       | 3 4 5 6 7 |  7.2
Armour         | 3 |  3.2
Shields        | 3 |  3.2

Action                   |  1- 3 |  4- 6 |  7- 9 | 10-12 || total
-------------------------+-------+-------+-------+-------++-------
Melee: War axe           |    61 |       |       |       ||    61
       Spear             |    69 |   150 |       |       ||   219
       Hand axe          |       |    30 |   350 |    96 ||   476
 Fire: Sling             |       |       |    20 |     7 ||    27
Throw: Dart              |       |     5 |     3 |       ||     8
Evoke: Wand              |       |       |     1 |     3 ||     4
Armor: Scale mail        |    44 |       |       |       ||    44
       Chain mail        |     6 |    41 |       |       ||    47
       Plate armour      |       |    69 |   127 |    88 ||   284
Dodge: Dodged            |    34 |    45 |    53 |    25 ||   157
Block: Buckler           |    44 |    93 |   150 |    60 ||   347
       Reflection        |       |     1 |     3 |     2 ||     6

Table legend: (Time is in decaauts)
 A = Elapsed time spent in this place.
 B = Non-inter-level travel time spent in this place.
 C = Inter-level travel time spent in this place.
 D = Time resting spent in this place.
 E = Time spent auto-exploring this place.
 F = Levels seen in this place.
 G = Mean time per level.
                   A        B        C        D        E       F      G
               +--------+--------+--------+--------+--------+-----+--------+
         Total |   7231 |   6909 |    322 |    376 |   4583 |   9 |  803.4 |
       Dungeon |   7231 |   6909 |    322 |    376 |   4583 |   9 |  803.4 |
               +--------+--------+--------+--------+--------+-----+--------+

Top non-repeatable levels by time:
     D:6: 1332 daAuts
     D:3: 1100 daAuts
     D:4: 1087 daAuts
     D:2: 974 daAuts
     D:1: 730 daAuts
     D:8: 698 daAuts
     D:5: 654 daAuts
     D:7: 642 daAuts
     D:9: 11 daAuts
